Map: Blackburn LE

Players

Warthog - Winner!

  • Race: Terran Terran
  • League: Master
  • Spawn Location: 7:00

baaaaaaaaAng

  • Race: Zerg Zerg
  • League: Master
  • Spawn Location: 5:00

VOD

Have the link to the VOD?

Description

Time

  • Played on: Dec. 15, 2021, 9:49 p.m.
  • Length: 22:58
Show
View Real Time Build Order
Export as new Build Order

Warthog Terran - Winner!

Build Orders: Liberator Opening, Reaper Expand 

Get SALT Encoding   

  12  0:00  SCV  
  13  0:12  SCV  
  14  0:17  Supply Depot  
  14  0:25  SCV  
  15  0:39  SCV  
  15  0:40  Barracks  
  16  0:43  Refinery  
  16  0:51  SCV  
  17  1:03  SCV  
  18  1:15  SCV  
  19  1:28  Orbital Command  
  19  1:29  Reaper  
  20  1:41  Command Center  
  20  1:50  Supply Depot  
  20  1:55  SCV  
  20  2:01  Marine  
  21  2:07  SCV  
  23  2:11  Factory  
  23  2:17  Refinery  
  23  2:19  SCV  
  23  2:20  Barracks Reactor  
  24  2:32  SCV  
  25  2:44  SCV  
  26  3:00  SCV, Starport  
  26  3:02  Orbital Command  
  26  3:03  Barracks Tech Lab  
  26  3:04  Hellion x2  
  32  3:12  SCV  
  32  3:23  Marine  
  32  3:26  Hellion x2  
  37  3:34  SCV x2  
  37  3:37  Liberator  
  37  3:39  Supply Depot  
  42  3:46  SCV x2  
  44  3:54  Supply Depot  
  44  3:58  SCV  
  44  3:59  SCV  
  46  4:08  Command Center  
  46  4:10  SCV  
  46  4:11  Hellion  
  46  4:14  SCV  
  46  4:15  Supply Depot  
  50  4:20  Starport Reactor  
  50  4:22  Barracks  
  50  4:27  Barracks  
  50  4:29  SCV  
  51  4:31  Stimpack  
  51  4:35  SCV  
  52  4:41  SCV  
  53  4:47  SCV  
  54  4:53  SCV  
  54  4:54  Engineering Bay  
  54  4:55  Engineering Bay  
  54  4:59  SCV  
  56  5:01  Refinery  
  56  5:02  Refinery, Starport Reactor  
  56  5:06  Factory Reactor  
  56  5:12  SCV  
  57  5:17  Marine  
  57  5:20  Barracks  
  58  5:21  Terran Infantry Weapons Level 1  
  58  5:22  Barracks, Terran Infantry Armor Level 1  
  58  5:24  SCV x2, Orbital Command  
  60  5:36  SCV x2  
  62  5:48  Hellion  
  62  5:49  Hellion, Marine x2, SCV  
  69  5:50  Marine x3  
  72  5:58  Medivac  
  72  5:59  Armory, Medivac  
  72  6:01  SCV x2, Orbital Command  
  75  6:13  SCV  
  75  6:14  Supply Depot, SCV, Marine  
  75  6:15  Supply Depot  
  75  6:17  Widow Mine  
  75  6:18  Barracks Reactor x2, Widow Mine, Combat Shield  
  82  6:25  SCV  
  82  6:26  SCV  
  82  6:27  SCV  
  85  6:35  Marine x5  
  85  6:38  SCV x2  
  93  6:40  SCV  
  93  6:53  Marine x3  
  96  6:55  Marine x2  
  96  6:58  Marine x2  
  99  7:02  SCV x2, Marine x2  
  99  7:06  SCV  
  94  7:11  Factory, Marine  
  94  7:13  Command Center  
  94  7:14  SCV, Marine x3  
  94  7:15  Marauder  
  97  7:16  Widow Mine  
  97  7:17  Supply Depot, SCV  
  97  7:19  Supply Depot, SCV  
  101  7:27  Supply Depot  
  101  7:30  Terran Infantry Weapons Level 2  
  101  7:34  Marine  
  101  7:35  Terran Infantry Armor Level 2  
  101  7:39  Medivac, Marauder, Marine x4  
  101  7:40  Marine  
  110  7:50  SCV x2  
  112  7:53  Supply Depot  
  112  7:55  Supply Depot, Factory Tech Lab, Marine  
  112  7:56  Marine x2  
  112  7:57  Supply Depot, SCV, Widow Mine x2, Marine  
  121  7:59  Terran Vehicle And Ship Armor Level 1  
  121  8:01  Marauder  
  121  8:02  SCV x2  
  125  8:14  SCV  
  125  8:18  Widow Mine  
  119  8:22  Marauder  
  119  8:24  Supply Depot, Marine x2  
  116  8:34  Marine  
  116  8:38  SCV  
  116  8:39  Thor, SCV, Drilling Claws  
  116  8:41  Widow Mine  
  126  8:42  Marine  
  126  8:44  Marauder  
  126  8:46  Marine x2  
  127  8:49  Marine x4  
  127  8:52  Marine  
  127  8:55  Refinery  
  118  8:56  Refinery  
  118  8:58  Widow Mine  
  118  8:59  Marine  
  118  9:00  Planetary Fortress  
  121  9:04  Marine x2  
  121  9:05  Marauder  
  121  9:06  Marine  
  121  9:07  Marine  
  121  9:08  Barracks  
  121  9:09  Barracks  
  127  9:12  Command Center, Barracks  
  127  9:14  Medivac x2, Widow Mine  
  133  9:19  Marine  
  134  9:26  Marauder  
  132  9:41  Marine x4  
  132  9:42  Marine x4  
  140  9:48  Marauder  
  142  9:53  SCV x3  
  142  9:55  Terran Infantry Weapons Level 3  
  142  9:56  Terran Infantry Armor Level 3  
  142  9:59  Marine x8  
  153  10:09  Marauder  
  147  10:17  Marine x2  
  149  10:25  Marine x2  
  149  10:28  Marine x6  
  154  10:30  Marauder, Marine  
  137  10:38  Marine  
  137  10:42  Marine  
  133  10:44  Marine  
  133  10:49  Command Center  
  126  10:50  Command Center  
  126  10:52  Command Center, Marauder  
  120  10:57  Barracks Tech Lab x3  
  120  11:03  Supply Depot  
  116  11:05  Supply Depot, Planetary Fortress  
  116  11:13  Refinery, Marauder, Marine x2  
  116  11:15  Refinery  
  116  11:18  Marauder, Marine x8  
  119  11:21  Widow Mine x2  
  129  11:31  Marine x2  
  131  11:35  Marauder  
  131  11:36  Marine  
  131  11:38  Missile Turret  
  131  11:39  Marine x2  
  134  11:40  Marine x2  
  132  11:56  Marauder  
  132  11:57  Marauder, Marine x3  
  132  11:58  Widow Mine x2  
  141  12:02  Thor  
  141  12:03  Marauder  
  141  12:04  Terran Vehicle And Ship Armor Level 2  
  141  12:05  Marauder, Marine x4  
  141  12:06  Concussive Shells  
  155  12:10  Medivac x2  
  155  12:12  Orbital Command  
  159  12:16  Orbital Command  
  159  12:17  Marauder  
  159  12:19  Widow Mine  
  163  12:29  Marine  
  139  12:30  Marine x5  
  139  12:31  Widow Mine  
  140  12:40  Medivac  
  140  12:41  Widow Mine  
  144  12:49  Marine  
  144  12:50  Marauder, Marine x7  
  144  12:51  Marine x3  
  142  12:52  Orbital Command  
  124  13:07  Marine x4  
  124  13:09  Marauder  
  130  13:13  Marine  
  130  13:14  Marauder, Marine x2  
  130  13:16  Thor  
  130  13:17  Widow Mine x2  
  145  13:23  Starport  
  145  13:24  Medivac x2  
  147  13:32  Marauder x3, Marine x5  
  158  13:41  Command Center  
  158  13:53  Widow Mine x2  
  162  13:56  Marine  
  162  13:57  Marauder  
  162  13:59  Widow Mine  
  167  14:14  Widow Mine x2  
  171  14:21  Widow Mine  
  171  14:22  Marine x2  
  171  14:23  Marauder  
  171  14:35  Marine  
  171  14:36  Marauder, Marine x4  
  171  14:55  Marauder, Marine  
  149  15:03  Medivac x2, Marauder, Marine  
  149  15:05  Marauder, Marine x4  
  149  15:06  Marine x3  
  133  15:12  Marine  
  132  15:16  Marine  
  132  15:21  Medivac, Widow Mine x2, Marine  
  139  15:22  Command Center  
  139  15:23  Marine x6  
  139  15:24  Marauder  
  139  15:25  Marauder  
  139  15:26  Marine  
  147  15:30  Marine  
  147  15:31  Neosteel Armor, Terran Ship Weapons Level 1, Starport  
  147  15:32  Hi-Sec Auto Tracking  
  147  15:33  Viking x2  
  147  15:34  Marine  
  151  15:39  Marine  
  151  15:41  Marine x3  
  155  15:45  Widow Mine x2, Marauder x2  
  155  15:46  Widow Mine  
  165  15:51  Liberator  
  168  16:03  Viking, Medivac, Marine x2  
  176  16:04  Marauder  
  176  16:07  Widow Mine x3, Marauder, Marine  
  184  16:19  Planetary Fortress  
  184  16:25  Marine  
  184  16:26  Marauder  
  184  16:27  Refinery  
  184  16:28  Widow Mine  
  189  16:33  Viking  
  189  16:35  Refinery  
  161  16:47  Viking  
  161  16:48  Viking  
  161  16:51  Marine x3  
  161  16:52  Marauder, Marine  
  161  16:54  Viking, Marine x2  
  156  16:55  Marauder  
  158  17:03  Viking  
  158  17:04  Marauder, Marine x2  
  158  17:05  Marauder  
  141  17:26  Marine  
  141  17:27  Marauder  
  141  17:29  Missile Turret  
  144  17:35  Marauder x3, Marine x5  
  134  17:50  SCV  
  134  18:02  SCV, Marauder, Marine x11  
  134  18:04  Missile Turret  
  134  18:05  Missile Turret  
  146  18:13  Thor  
  146  18:14  Widow Mine x2  
  146  18:17  Barracks  
  146  18:18  Barracks  
  146  18:19  Command Center, Marine  
  156  18:20  Barracks, Marauder x3, Marine x7  
  156  18:22  Missile Turret, Planetary Fortress  
  156  18:23  Missile Turret, Marauder  
  166  18:35  Medivac, Widow Mine x2  
  166  18:36  Medivac x2  
  166  18:37  Marine x2  
  178  18:42  Marauder x2  
  178  18:43  Missile Turret  
  178  18:45  Missile Turret  
  181  18:56  Widow Mine  
  181  18:57  Missile Turret, Widow Mine x2  
  181  19:01  Marauder  
  180  19:04  Marine  
  180  19:05  Marauder  
  180  19:06  Barracks Tech Lab x2  
  180  19:07  Barracks Tech Lab  
  182  19:14  Marine x2  
  182  19:15  Marauder  
  182  19:16  Liberator x4  
  198  19:17  Marauder  
  198  19:20  Ghost Academy  
  198  19:59  Marauder, Marine x2  
  194  20:00  Marauder  
  184  20:19  Marauder, Marine  
  185  20:22  Marauder, Marine  
  185  20:23  Marauder  
  188  20:31  Marine x2  
  188  20:32  Marauder  
  178  20:37  Ghost  
  178  20:39  Marauder x2, Marine x2  
  178  20:41  Marine  
  178  20:42  Marauder  
  186  20:44  Marauder  
  188  20:56  Marauder, Marine x2  
  184  20:58  Marauder, Marine  
  184  21:01  Marauder  
  184  21:04  Marauder x2, Marine  
  169  21:09  Marauder, Marine  
  150  21:14  Marauder, Marine x4  
  129  21:27  Marauder, Marine  
  129  21:30  Marauder, Marine x6  
  129  21:32  Marauder, Marine x2  
  131  21:42  Marine  
  131  21:43  Marauder  
  131  21:44  Marine  
  131  21:45  Marine  
  127  21:47  Marine  
  127  21:48  Marauder, Marine  
  130  21:54  Marauder x4, Marine x3  
  130  21:55  Marauder  
  141  22:04  Marauder  
  143  22:10  Marauder  
  140  22:16  Marauder x2  
  138  22:27  Missile Turret  
  138  22:28  Missile Turret  
  127  22:33  Missile Turret  
  127  22:41  Starport Reactor  
  127  22:43  Starport Reactor  
Show
View Real Time Build Order
Export as new Build Order

baaaaaaaaAng Zerg 

Build Orders: Hatch First 

Get SALT Encoding   

  12  0:00  Drone  
  13  0:13  Overlord  
  14  0:21  Drone  
  14  0:31  Drone  
  14  0:32  Drone  
  14  0:35  Drone  
  17  0:56  Hatchery  
  17  0:57  Drone  
  17  1:00  Drone  
  18  1:14  Spawning Pool  
  18  1:17  Drone  
  18  1:21  Drone  
  19  1:30  Drone  
  20  1:40  Drone  
  20  1:47  Hatchery  
  20  1:51  Drone  
  21  2:07  Zergling x2  
  22  2:09  Queen x2  
  22  2:12  Zergling x2  
  27  2:16  Drone  
  27  2:19  Extractor  
  27  2:27  Overlord  
  27  2:28  Drone  
  28  2:34  Drone  
  28  2:45  Drone  
  28  2:48  Drone x2  
  28  2:51  Queen  
  31  2:53  Drone  
  34  2:59  Drone x2  
  34  3:02  Queen  
  38  3:06  Drone  
  38  3:07  Drone  
  38  3:12  Overlord  
  40  3:14  Drone  
  41  3:20  Drone  
  41  3:24  Metabolic Boost  
  42  3:29  Overlord  
  42  3:35  Drone x4  
  42  3:40  Drone  
  47  3:43  Drone  
  47  3:48  Drone x2  
  50  3:55  Drone x2  
  52  3:59  Zergling x2  
  52  4:00  Baneling Nest  
  52  4:01  Queen  
  52  4:02  Spore Crawler  
  52  4:04  Drone  
  52  4:06  Spore Crawler  
  52  4:09  Spore Crawler, Drone  
  52  4:10  Zergling x4  
  52  4:14  Drone x2  
  52  4:16  Overlord  
  56  4:22  Zergling x2  
  57  4:25  Overlord  
  57  4:34  Zergling x10, Queen  
  57  4:38  Drone  
  65  4:44  Drone  
  66  4:47  Zergling x2  
  66  4:48  Zergling x2  
  66  4:49  Baneling x4  
  68  4:53  Drone  
  68  4:55  Baneling x3  
  68  4:56  Drone, Hatchery  
  68  4:57  Drone  
  69  5:03  Drone x2  
  69  5:04  Drone x2  
  73  5:12  Overlord x2  
  73  5:17  Drone  
  73  5:19  Overlord  
  73  5:20  Overlord  
  74  5:21  Overlord  
  74  5:26  Evolution Chamber  
  74  5:27  Extractor, Overlord x2, Evolution Chamber  
  70  5:38  Drone x8  
  70  5:41  Burrow  
  78  5:47  Zergling x6  
  78  5:48  Zergling x4  
  80  5:54  Drone x3  
  77  6:01  Drone  
  77  6:03  Extractor  
  77  6:07  Extractor  
  77  6:08  Zergling x16  
  77  6:10  Drone  
  85  6:14  Drone x2  
  85  6:17  Drone x2  
  89  6:28  Zergling x8  
  89  6:31  Drone x3  
  96  6:35  Spore Crawler, Queen  
  96  6:36  Zergling x4  
  96  6:37  Zergling x8  
  103  6:41  Zergling x6  
  106  6:47  Drone  
  98  7:05  Zergling x2  
  98  7:06  Zergling x26  
  104  7:10  Drone x2  
  104  7:11  Lair  
  104  7:12  Zerg Ground Armor Level 1, Zerg Melee Weapons Level 1  
  104  7:15  Drone, Extractor  
  106  7:17  Drone  
  106  7:18  Hatchery  
  106  7:20  Drone x2  
  106  7:21  Drone x2  
  110  7:24  Baneling x3  
  110  7:25  Baneling x2  
  110  7:26  Drone x2  
  110  7:29  Extractor  
  111  7:30  Baneling x5  
  111  7:31  Baneling x2  
  111  7:33  Zergling x4  
  111  7:36  Overlord  
  113  7:43  Zergling x2  
  111  7:44  Zergling x14  
  111  7:47  Baneling x2  
  111  7:48  Drone  
  119  7:51  Drone x2  
  119  7:52  Drone  
  119  7:56  Zergling x2  
  123  8:03  Zergling x8  
  123  8:04  Zergling x2  
  128  8:09  Zergling x8, Hatchery  
  128  8:10  Zergling x2  
  132  8:17  Zergling x2  
  132  8:18  Zergling x10  
  126  8:25  Zergling x2  
  124  8:30  Zergling x2  
  124  8:31  Zergling x12  
  123  8:34  Zergling x2  
  123  8:37  Zergling x6  
  123  8:38  Zergling x2  
  126  8:45  Drone x2  
  126  8:46  Drone x4  
  122  8:50  Drone x2  
  122  8:53  Drone  
  121  8:55  Zergling x2  
  121  8:56  Zergling x2  
  121  9:00  Zergling x2  
  124  9:03  Drone x4  
  124  9:05  Zergling x6  
  124  9:06  Zergling x2  
  124  9:07  Zergling x4  
  134  9:10  Baneling x9  
  134  9:11  Baneling x3, Overseer  
  134  9:12  Overseer x3  
  134  9:13  Pneumatized Carapace  
  134  9:15  Zergling x8  
  138  9:18  Zerg Ground Armor Level 2  
  138  9:19  Centrifugal Hooks  
  138  9:20  Infestation Pit  
  135  9:26  Zergling x2  
  135  9:27  Zergling x12  
  131  9:39  Zergling x16  
  131  9:40  Zergling x4  
  131  9:42  Zerg Melee Weapons Level 2  
  141  9:48  Zergling x10  
  146  9:53  Baneling x2  
  146  9:57  Zergling x6  
  146  9:58  Zergling x10  
  154  10:02  Hive  
  154  10:04  Extractor  
  154  10:05  Zergling x2  
  154  10:06  Zergling x4, Extractor  
  143  10:18  Zergling x26  
  132  10:29  Zergling x12  
  132  10:35  Zergling x12  
  111  10:43  Zergling x10  
  111  10:44  Zergling x6  
  111  10:49  Queen  
  108  10:52  Zergling x2  
  108  10:53  Zergling x8  
  108  10:56  Baneling x7  
  106  10:57  Zergling x4  
  106  11:03  Zergling x10  
  112  11:05  Baneling x2, Drone x4  
  112  11:08  Queen  
  112  11:09  Zergling x4  
  112  11:10  Zergling x2  
  121  11:12  Baneling x3  
  121  11:17  Zergling x2  
  121  11:18  Zergling x10  
  126  11:22  Zergling x2  
  126  11:25  Drone x2  
  126  11:26  Adrenal Glands  
  126  11:27  Pathogen Glands  
  126  11:28  Zergling x6, Ultralisk Cavern  
  126  11:32  Zergling x8  
  132  11:38  Zergling x8  
  136  11:42  Baneling x3  
  136  11:45  Zergling x6  
  130  11:55  Zergling x12  
  130  11:58  Drone x3  
  130  12:01  Drone x3  
  141  12:05  Zerg Ground Armor Level 3  
  141  12:07  Zergling x4  
  141  12:08  Zergling x12  
  147  12:09  Spire  
  147  12:10  Overseer x2  
  147  12:13  Baneling x3  
  147  12:18  Ultralisk  
  127  12:30  Ultralisk x2  
  127  12:31  Ultralisk  
  127  12:33  Zergling x2  
  127  12:34  Zergling x6  
  138  12:38  Baneling  
  138  12:39  Baneling x10  
  134  12:45  Zergling x2  
  134  12:46  Zergling x14  
  140  12:53  Baneling x2  
  140  12:55  Zergling x2  
  140  12:56  Zergling x20  
  149  13:01  Zergling x12  
  149  13:02  Zergling x2  
  151  13:10  Drone  
  151  13:11  Drone x2  
  151  13:12  Drone x2  
  156  13:14  Overlord x2  
  156  13:15  Overlord  
  156  13:16  Chitinous Plating  
  156  13:23  Spore Crawler  
  155  13:28  Overlord x3  
  155  13:32  Overlord x3  
  155  13:38  Hatchery  
  154  13:44  Overlord x2  
  154  13:49  Overlord  
  154  13:50  Overlord x2  
  154  13:57  Corruptor  
  154  13:58  Corruptor x2  
  154  14:02  Zergling x12  
  166  14:04  Infestor  
  162  14:10  Zergling x2  
  162  14:11  Zergling x12  
  162  14:14  Spore Crawler  
  162  14:16  Extractor  
  157  14:19  Zergling x14  
  157  14:23  Drone  
  157  14:24  Drone x3  
  159  14:32  Zergling x2  
  159  14:33  Zergling x16  
  159  14:35  Anabolic Synthesis  
  159  14:38  Zergling x8  
  160  14:42  Infestor  
  160  14:43  Infestor x2  
  149  14:50  Drone  
  149  14:51  Drone x5  
  144  14:58  Drone x3  
  125  15:03  Zergling x6, Queen x2, Spire  
  125  15:04  Queen x2  
  125  15:05  Evolution Chamber  
  120  15:09  Overseer x2  
  120  15:10  Overseer  
  120  15:13  Drone x3  
  120  15:14  Drone x2  
  125  15:20  Zergling x4  
  126  15:21  Baneling  
  126  15:22  Baneling x6  
  126  15:26  Zergling x6  
  122  15:32  Infestor  
  122  15:33  Infestor  
  122  15:35  Baneling x3  
  126  15:38  Drone  
  126  15:39  Drone x2  
  126  15:41  Drone  
  126  15:42  Drone  
  131  15:43  Zergling x2  
  131  15:44  Zergling x2  
  131  15:46  Baneling x3  
  133  15:58  Overlord x2  
  133  16:00  Zerg Melee Weapons Level 3  
  133  16:01  Infestor x2  
  137  16:05  Drone x2  
  137  16:09  Zergling x8  
  143  16:15  Corruptor  
  143  16:17  Spore Crawler  
  143  16:32  Drone  
  134  16:33  Drone x8  
  134  16:36  Overseer  
  134  16:37  Spore Crawler  
  125  16:48  Zergling x2  
  125  16:49  Zergling x28  
  125  16:52  Baneling x3  
  125  16:53  Baneling  
  119  16:56  Zergling x2  
  119  16:57  Zergling x2  
  111  17:04  Zergling x8  
  103  17:20  Corruptor x2  
  88  17:40  Zergling x12  
  94  17:44  Overseer x2, Hatchery  
  94  17:49  Zergling x6  
  94  17:50  Zergling x2  
  97  17:53  Drone x2  
  97  17:57  Zergling x4  
  97  17:58  Zergling x2  
  102  18:04  Zergling x2  
  102  18:05  Zergling x6  
  106  18:12  Zergling x4  
  103  18:13  Zergling x4  
  105  18:28  Zergling x8  
  103  18:34  Baneling  
  103  18:35  Baneling x3  
  103  18:37  Drone  
  104  18:43  Overlord  
  104  18:49  Corruptor  
  106  18:58  Zergling x2  
  106  18:59  Zergling x10  
  106  19:01  Overseer  
  111  19:05  Baneling x5  
  111  19:07  Drone  
  112  19:11  Zergling x6  
  112  19:12  Zergling x2  
  112  19:13  Zergling x2  
  117  19:25  Corruptor x2  
  119  19:32  Zergling x2  
  119  19:33  Zergling x12  
  126  19:43  Corruptor x2  
  130  19:53  Corruptor x2  
  132  20:07  Ultralisk  
  130  20:17  Ultralisk  
  134  20:23  Zergling x2  
  134  20:24  Zergling x6  
  138  20:33  Zergling x10, Hatchery  
  129  20:42  Hatchery  
  129  20:48  Zergling x2  
  129  20:49  Zergling x14  
  116  21:07  Zergling x20  
  116  21:09  Drone  
  113  21:17  Drone x3  
  112  21:19  Baneling x2  
  103  21:32  Zergling x2  
  93  21:33  Zergling x14  
  93  21:39  Corruptor  
  97  21:43  Drone x2  
  97  21:45  Drone  
  99  21:49  Drone  
  99  21:55  Drone  
  99  21:57  Viper  
  103  22:10  Zergling x12  
  100  22:21  Zergling x12  
Tags
 
Add a new tag
Caveats
  • Supply blocks, unpowered buildings, or Contaminate may cause inaccurate times.
  • Supply counts are checked every 10 seconds.